 Dungeon Crawl Stone Soup version 0.25.1-2-g60ff931df9 (webtiles) character file.

Game seed: 17395228106782771982

98 hawla the Conjurer (level 4, -2/33 HPs)
             Began as a Draconian Conjurer on Nov 17, 2020.
             Slain by an orc warrior
             ... wielding a +0 glaive
              (29 damage)
             ... on level 3 of the Dungeon.
             The game lasted 00:08:19 (2579 turns).

hawla the Conjurer (Draconian Conjurer)             Turns: 2579, Time: 00:08:20

Health: -2/33      AC:  6    Str: 10    XL:     4   Next: 44%
Magic:  3/10       EV: 12    Int: 16    God:
Gold:   113        SH:  0    Dex: 12    Spells: 4/11 levels left

rFire    . . .     SeeInvis .   n - +0 quarterstaff
rCold    . . .     Gourm    .   (shield currently unavailable)
rNeg     . . .     Faith    .   (armour unavailable)
rPois    .         Spirit   .   (helmet restricted)
rElec    .         Reflect  .   (no cloak)
rCorr    .         Harm     .   (no gloves)
MR       .....                  d - +0 pair of boots
Stlth    ++........             (no amulet)
HPRegen  0.11/turn              (no ring)
MPRegen  0.12/turn              (no ring)

@: no status effects
A: unfitting armour, cold-blooded, AC +5
a: no special abilities


You were on level 3 of the Dungeon.
You were not hungry.

You visited 1 branch of the dungeon, and saw 3 of its levels.

You collected 113 gold pieces.

Inventory:

Hand Weapons
 n - a +0 quarterstaff (weapon)
Missiles
 j - a throwing net (quivered)
Armour
 d - a +0 pair of boots (worn)
Scrolls
 h - a scroll of remove curse
Potions
 e - a potion of invisibility
 f - 2 potions of flight {unknown}
 g - a potion of lignification
 p - a potion of ambrosia {unknown}
Comestibles
 b - 5 rations


   Skills:
 - Level 1.7 Dodging
 - Level 1.7 Stealth
 - Level 4.0 Spellcasting
 + Level 4.2 Conjurations
 + Level 1.0 Translocations


You had 4 spell levels left.
You knew the following spells:

 Your Spells              Type           Power        Failure   Level  Hunger
a - Magic Dart            Conj           ###.         3%          1    None
b - Searing Ray           Conj           ###...       4%          2    ##.....
c - Iskenderun's Mystic   Conj/Tloc      ##......     50%         4    ####...

Your spell library contained the following spells:

 Spells                   Type           Power        Failure   Level  Hunger
 Dazzling Flash           Conj/Hex       ##....       22%         3    ###....
 Fulminant Prism          Conj/Hex       ##........   56%         4    ####...


Dungeon Overview and Level Annotations

Branches:
Dungeon (3/15)

Altars:


Innate Abilities, Weirdness & Mutations

Your plain brown scales are hard. (AC +5)
You cannot fit into any form of body armour.
You are cold-blooded and may be slowed by cold attacks.


Message History

(Press . to maintain the ray.)
The orc shouts!
You hear a shout! x2; You hear an angry hiss.
An adder comes into view.
A hobgoblin comes into view.
The searing ray hits the orc!
You kill the orc!
Your Translocations skill increases to level 1!
An orc warrior comes into view. It is wielding a +0 glaive.
Casting: Searing Ray (safe; 4% risk of failure)
Confirm with . or Enter, or press ? or * to list all spells.
Aiming: Magic Dart (safe; 3% risk of failure)
Press: ? - help, Shift-Dir - straight line, f - orc warrior
Aim: an orc warrior, wielding a +0 glaive and wearing a +0 plate armour The magic dart hits the orc warrior but does no damage.
An orc comes into view. It is wielding a +0 flail.
The orc warrior hits you from afar with a +0 glaive.
As you read the scroll of fog, it crumbles to dust.
The scroll dissolves into smoke.
The hobgoblin barely misses you.
The orc warrior hits you from afar with a +0 glaive!!
Ouch! That really hurt!
You die...

*,,* *,,,,,,,,,,,,,,,,,**,*
*,,* ***,*.#**********,**,,
*,,* *,*o# *,**,* *,,*
*****,*.## *,*,,, *,,*
*,,,,,,..# *,**,*
*,,****,***,,..####******,**,,
*,,,,,,,* **#oS.^.,,,,,,,,*,*,
*,****,,* ###§§#####****,,,***
*,* *,,* #§§@§§...# ****,*,
*,* *,,* #g#§§###.# **,, *,*
*,,* #§#§§# *,* ***
*,****,,**#.#..# *,* *
****,,,,,,,,,.....# *,** *
,,,,,,,,,,,,....(.# *,,* *
,***,**,*,,######## **,* *
,***,**,*,,* *,* *
,*,,,**,*,,* *,* *


You could see an orc warrior, an adder and a hobgoblin.

Vanquished Creatures
  2 adders (D:2)
  2 oozes
  A worm (D:1)
  2 dart slugs (D:2)
  6 leopard geckos
  An orc (D:3)
  6 bats
  3 giant cockroaches (D:1)
  9 goblins
  3 hobgoblins
  3 jackals (D:1)
  7 kobolds
  A quokka (D:2)
  3 frilled lizards
  7 rats
56 creatures vanquished.

Notes
Turn   | Place    | Note
-------+----------+-------------------------------------------
     0 | D:1      | hawla the Draconian Conjurer began the quest for the Orb.
     0 | D:1      | Reached XP level 1. HP: 14/14 MP: 3/3
   319 | D:1      | Reached XP level 2. HP: 20/20 MP: 3/5
   668 | D:1      | Learned a level 2 spell: Searing Ray
   801 | D:1      | Reached XP level 3. HP: 15/26 MP: 1/7
  1631 | D:2      | Reached XP level 4. HP: 25/33 MP: 0/10
  1643 | D:2      | Learned a level 4 spell: Iskenderun's Mystic Blast
  2575 | D:3      | Reached skill level 1 in Translocations
  2575 | D:3      | Noticed an orc warrior
  2579 | D:3      | Slain by an orc warrior

Illustrated notes

Levels and vault maps discovered:
D:1:      lightli_arrival_statuegarden, layout_loops_ring
D:2:      layout_rooms
D:3:      layout_loops_ring, first_ration, nrook_mini_backslash, moated_statue

Skill      XL: |  1  2  3  4 |
---------------+-------------+-----
Spellcasting   | 3 4 |  4.0
Translocations | 1 |  1.0
Dodging        | |  1.7
Stealth        | |  1.7
Conjurations   | |  4.2

Action                   |  1- 3 |  4- 6 || total
-------------------------+-------+-------++-------
Melee: Unarmed           |    53 |    18 ||    71
       Tailslap          |     2 |     4 ||     6
 Cast: Magic Dart        |    67 |    27 ||    94
       Searing Ray       |     5 |     6 ||    11
  Use: Potion            |     1 |       ||     1
       Scroll            |       |     8 ||     8
  Eat: Chunk             |     2 |     4 ||     6
Armor: Skin              |    40 |    25 ||    65
Dodge: Dodged            |    92 |    32 ||   124
